 Dungeon Crawl Stone Soup version 0.16.1-25-gbcee3f8 (webtiles) character file.

26 Z4ng3tsu the Magician (level 2, 0/19 HPs)
             Began as a Demonspawn Wizard on May 20, 2015.
             Succumbed to an adder's poison
             ... on level 2 of the Dungeon.
             The game lasted 00:09:41 (1813 turns).

Z4ng3tsu the Magician (Demonspawn Wizard)           Turns: 1813, Time: 00:09:41

Health: 0/19       AC:  2    Str:  7    XL:     2   Next: 89%
Magic:  4/6        EV: 12    Int: 19    God:
Gold:   72         SH:  0    Dex: 11    Spells: 2 memorised, 4 levels left

rFire  . . .     SeeInvis .     f - +0 short sword
rCold  . . .     Clarity  .     k - +0 robe
rNeg   . . .     SustAb   .     (no shield)
rPois  .         Gourm    .     b - +0 hat
rElec  .         Spirit   .     (no cloak)
rCorr  .         Warding  .     (no gloves)
rMut   .         Stasis   .     (no boots)
MR     .....                    (no amulet)
Stlth  +++.......               (no ring)
                                e - ring of stealth

@: lethally poisoned (0 -> -6), not resistant to hostile enchantments, fairly
stealthy
A: hooves 1
a: no special abilities


You were on level 2 of the Dungeon.
You were not hungry.

You visited 1 branch of the dungeon, and saw 2 of its levels.

You collected 72 gold pieces.

Inventory:

Hand weapons
 f - a +0 short sword (weapon)
Armour
 a - a +0 robe
 b - a +0 hat (worn)
 k - a +0 robe (worn)
Jewellery
 e - a ring of stealth (left hand)
Potions
 g - a potion of resistance
 i - a potion of curing {unknown}
 j - a potion of beneficial mutation {unknown}
Books
 c - a book of Minor Magic

   Spells                             Type                      Level
   a - Magic Dart                     Conjuration                  1
   b - Blink                          Translocation                2
   c - Call Imp                       Summoning                    2
   d - Repel Missiles                 Charms/Air                   2
   e - Slow                           Hexes                        2
   f - Conjure Flame                  Conjuration/Fire             3
   g - Mephitic Cloud                 Conjuration/Poison/Air       3
Comestibles
 d - a bread ration
 h - a slice of pizza


   Skills:
 + Level 0.2 Fighting
 + Level 2.0 Dodging
 + Level 2.1 Stealth
 + Level 3.4 Spellcasting
 + Level 1.3 Conjurations
 + Level 1.0 Summonings
   Level 0.8 Translocations


You had 4 spell levels left.
You knew the following spells:

 Your Spells              Type           Power        Failure   Level  Hunger
a - Magic Dart            Conj           #...         10%         1    None
b - Call Imp              Summ           #.......     17%         2    ##.....


Dungeon Overview and Level Annotations

Branches:
Dungeon (2/15)

Altars:


Innate Abilities, Weirdness & Mutations

You have large cloven feet.


Message History

Casting: Magic Dart
Confirm with . or Enter, or press ? or * to list all spells.
A shadowy apparition takes form in the air.
You feel sick. The adder misses you. The gnoll hits you with a club.
* * * LOW HITPOINT WARNING * * *
The adder barely misses you.
Your shadow imp hits the adder.
* * * LOW HITPOINT WARNING * * *
You feel sick.
The gnoll hits your shadow imp with a club.
Your shadow imp hits the gnoll.
The gnoll hits your shadow imp with a spear.
The adder closely misses you.
Your shadow imp hits the gnoll.
* * * LOW HITPOINT WARNING * * *
You feel sick.
Your shadow imp barely misses the gnoll.
Your shadow imp closely misses the gnoll.
* * * LOW HITPOINT WARNING * * *
You feel sick. The adder completely misses you.
You die...

#.#.#................ ...
########.#.#..#.####.#####.. #...
#.............#.#....####...
#...g#.............#.#.##....#...
#....#.............#.#.##....#...
#.........(.....# #.#.##....#...
#...............# #.#.##....###.
#.......g..5ggS.####†#..'...(....
#####...........@....####....####
#...........####.............
#.............# #.###.(...####
#...######+##+####.#.......#
..... .................# #....
....###.#.....### .... ..
#.#.#+#.# .. #.#.# #.# #.#.# #.#


You could see 3 gnolls, an adder and a friendly shadow imp.

Vanquished Creatures
  A giant gecko (D:2)
  An ooze (D:1)
  4 bats (D:1)
  3 hobgoblins
  A ball python (D:1)
  4 giant newts
  A goblin (D:1)
  3 kobolds (D:1)
  3 rats (D:1)
21 creatures vanquished.

Vanquished Creatures (collateral kills)
  A ball python (D:1)
  A hobgoblin (D:1)
  2 goblins (D:1)
  A kobold (D:1)
5 creatures vanquished.

Grand Total: 26 creatures vanquished

Notes
Turn   | Place    | Note
--------------------------------------------------------------
     0 | D:1      | Z4ng3tsu, the Demonspawn Wizard, began the quest for the Orb.
     0 | D:1      | Reached XP level 1. HP: 13/13 MP: 4/4
   493 | D:1      | Gained mutation: You have large cloven feet. [demonic ancestry]
   493 | D:1      | Reached XP level 2. HP: 17/19 MP: 4/6
   930 | D:1      | Learned a level 2 spell: Call Imp
  1813 | D:2      | Succumbed to an adder's poison

Action                   || total
-------------------------++-------
Melee: Short sword       ||    68
       Unarmed           ||     5
 Cast: Magic Dart        ||    17
       Call Imp          ||     6
  Use: Scroll            ||     2
       Potion            ||     1
 Stab: Sleeping          ||     3
  Eat: Bread ration      ||     1
